 Dungeon Crawl Stone Soup version 0.27.1-3-gb3d3a73c9e (webtiles) character file.

Game seed: 1742877821887077674

2151 Trumpetguy the Transmogrifier (level 9, -7/39 HPs)
             Began as a Spriggan Earth Elementalist on Oct 4, 2021.
             Was a Follower of Sif Muna.
             Shot with an arrow by a centaur (13 damage)
             ... on level 7 of the Dungeon on Oct 5, 2021.
             The game lasted 01:43:59 (10751 turns).

Trumpetguy the Transmogrifier (SpEE)               Turns: 10751, Time: 01:44:00

Health: -7/39      AC:  4    Str:  4    XL:     9   Next: 10%
Magic:  7/19       EV: 18    Int: 20    God:    Sif Muna [*.....]
Gold:   129        SH:  5    Dex: 15    Spells: 12/20 levels left

rFire    . . .     SeeInvis +   D - staff of death
rCold    . . .     Faith    .   (shield currently unavailable)
rNeg     + . .     Spirit   .   b - +0 robe
rPois    .         Reflect  +   z - +2 hat
rElec    .         Harm     .   (no cloak)
rCorr    .         Rampage  .   (gloves unavailable)
Will     +....                  (boots unavailable)
Stlth    +++.......             E - amulet of reflection
HPRegen  0.13/turn              (no ring)
MPRegen  0.16/turn              (no ring)

@: about to teleport, marked, very quick
A: very small, no large weapons, unfitting armour, see invisible, speed 3
a: Renounce Religion, Channel Magic


You were on level 7 of the Dungeon.
You worshipped Sif Muna.
Sif Muna was aware of your devotion.
You visited 1 branch of the dungeon, and saw 7 of its levels.

You collected 155 gold pieces.
You spent 26 gold pieces at shops.

Inventory:

Hand Weapons
 m - a +3 short sword
 G - a +2 vampiric falchion
Missiles
 c - 83 stones
 C - 4 boomerangs
Armour
 b - a +0 robe (worn)
 s - a +0 hat
 z - a +2 hat (worn)
Magical Staves
 D - a staff of death (weapon)
Jewellery
 e - an amulet of guardian spirit
 n - a ring of resist corrosion
 B - a ring of see invisible
 E - an amulet of reflection (around neck)
Wands
 k - a wand of mindburst (8)
 A - a wand of iceblast (12)
Scrolls
 f - 3 scrolls of enchant armour {unknown}
 g - a scroll of immolation {unknown}
 h - a scroll of noise {unknown}
 i - a scroll of holy word {unknown}
 l - a scroll of fog {unknown}
 p - a scroll of magic mapping {unknown}
 q - 2 scrolls of fear {unknown}
 v - 4 scrolls of enchant weapon
 w - a scroll of silence {unknown}
 x - 2 scrolls of acquirement {unknown}
 y - a scroll of summoning {unknown}
Potions
 a - a potion of ambrosia {unknown}
 j - a potion of berserk rage {unknown}
 o - a potion of curing {unknown}
 r - a potion of invisibility {unknown}
 u - a potion of lignification {unknown}
 F - a potion of magic {unknown}


   Skills:
 + Level 4.1 Dodging
 + Level 6.5 Stealth
 - Level 6.3 Spellcasting
 * Level 9.0 Transmutations
 - Level 6.7 Earth Magic
 - Level 3.7 Evocations


You had 12 spell levels left.
You knew the following spells:

 Your Spells              Type           Power      Damage    Failure   Level
a - Sandblast             Erth           66%        2d15      1%          1
b - Stone Arrow           Conj/Erth      38%        3d9       8%          3
c - Petrify               Tmut/Erth      37%        N/A       4%          4

Your spell library contained the following spells:

 Spells                   Type           Power      Damage    Failure   Level
 Passwall                 Tmut/Erth      30%        N/A       1%          2


Dungeon Overview and Level Annotations

Branches:
Dungeon (7/15)
 Temple: D:4-7

Altars:
Ashenzari
Sif Muna
Vehumet
Yredelemnul

Shops:
D:2 *   D:5 ?

Annotations:
D:3 2 exclusions


Innate Abilities, Weirdness & Mutations

You are very small and have problems with some larger weapons.
You are too small for most types of armour.
You have supernaturally acute eyesight. (SInv)
You cover ground extremely quickly. (Speed+++)


Message History

The orc wizard flickers and vanishes for a moment.
The orc warrior throws a stone.
The stone completely misses you.
The barbed spikes dig painfully into your body as you move.
The barbed spikes dig painfully into your body as you move.
As you read the scroll of teleportation, it crumbles to dust.
You feel strangely unstable.
You carefully extract the barbed spikes from your body.
A wyvern skeleton comes into view.
You feel much better.
The orc warrior zaps a wand.
You resist with almost no effort.
The now-empty wand crumbles to dust.
A necrophage, a zombie and a howler monkey come into view.
Found a stone staircase leading up.
Your surroundings suddenly seem different.
A sky beast comes into view.
The hornet zombie moves out of view.
The howler monkey moves out of view.
The necrophage moves out of view.
Press: ? - help, v - describe, . - travel The floor.
The sky beast flickers out of sight for a moment.
A centaur comes into view.
The centaur wields a +0 shortbow.
The centaur shoots an arrow.
The arrow hits you!
The centaur shoots an arrow.
The arrow hits you.
An orc comes into view. It is wielding a +0 dagger.
Found 16 arrows.
A black bear comes into view.
The orc wizard points at you and mumbles some strange words.
The magic dart hits you.
An orc comes into view. It is wielding a +0 flail.
The orc wizard mumbles some strange words.
The orc wizard flickers and vanishes for a moment.
The centaur shoots an arrow.
The arrow misses you.
The centaur shoots an arrow.
The arrow hits you!
* * * LOW HITPOINT WARNING * * *
The orc wizard mumbles some strange words.
The orc wizard flickers and vanishes for a moment.
The centaur shoots an arrow.
The arrow closely misses you.
As you read the scroll of teleportation, it crumbles to dust.
You feel strangely unstable.
The centaur shoots an arrow.
The arrow hits you!
You die...

#########
#.......# ###
#.......# #..
#.....@.# #...
#.......# ##...
#.......#
#....###oo.....#
#...o..o....≈..#
#....o.#.......#
#.o####.#...c...#
#.####.#### .
#..# #.#


You could see a centaur, 2 orc wizards and an orc.

Vanquished Creatures
  3 ice beasts
  A black bear (D:6)
  An orc warrior (D:7)
  2 ogres
  A phantom (D:4)
  2 necrophages
  Blork the orc (D:4)
  2 scorpions
  4 bullfrogs
  A bullfrog zombie (D:4)
  3 hounds
  A centaur skeleton (D:6)
  3 orc priests
  A bullfrog skeleton (D:7)
  5 iguanas
  8 orc wizards
  Natasha (twice) (D:3)
  A killer bee zombie (D:6)
  A hound zombie (D:5)
  9 adders
  3 gnolls (D:3)
  A white imp (D:6)
  A worm (D:2)
  A dart slug (D:3)
  18 orcs
  2 bats (D:1)
  6 endoplasms
  2 giant cockroaches (D:2)
  4 goblins
  2 hobgoblins
  A quokka (D:1)
  8 ball pythons
  3 frilled lizards (D:2)
  6 kobolds
  2 rats
112 creatures vanquished.

Vanquished Creatures (others)
  4 plants (D:3)
4 creatures vanquished.

Grand Total: 116 creatures vanquished

Notes
Turn   | Place    | Note
-------+----------+-------------------------------------------
     0 | D:1      | Trumpetguy the Spriggan Earth Elementalist began the quest
                  | for the Orb.
     0 | D:1      | Reached XP level 1. HP: 9/9 MP: 5/5
   973 | D:1      | Reached XP level 2. HP: 13/13 MP: 3/6
  1254 | D:2      | Found Tuc Zuco's Assorted Antiques.
  1604 | D:2      | Reached XP level 3. HP: 16/16 MP: 4/8
  3349 | D:3      | Reached XP level 4. HP: 21/21 MP: 8/11
  3757 | D:3      | Noticed Natasha
  4140 | D:4      | Reached skill level 5 in Spellcasting
  4280 | D:4      | Reached XP level 5. HP: 24/24 MP: 8/13
  4479 | D:3      | Learned a level 3 spell: Stone Arrow
  4728 | D:4      | Noticed Blork the orc
  4731 | D:4      | Killed Blork the orc
  4854 | D:4      | Reached XP level 6. HP: 28/28 MP: 10/16
  5153 | D:4      | Found a shimmering blue altar of Sif Muna.
  5219 | D:4      | Became a worshipper of Sif Muna the Loreminder
  5399 | D:4      | Reached skill level 1 in Evocations
  5458 | D:4      | Reached skill level 2 in Transmutations
  5623 | D:4      | Reached skill level 5 in Earth Magic
  5623 | D:4      | Reached XP level 7. HP: 32/32 MP: 9/17
  6258 | D:3      | Killed Natasha
  6414 | D:5      | Entered Level 5 of the Dungeon
  6414 | D:5      | Found Kuavveiwuew's Magic Scroll Shop.
  6419 | D:5      | Bought a scroll of identify for 26 gold pieces
  6539 | D:5      | Reached skill level 3 in Transmutations
  7908 | D:3      | Noticed Natasha
  7917 | D:3      | Killed Natasha
  8079 | D:6      | Reached * piety under Sif Muna
  8080 | D:6      | Reached XP level 8. HP: 23/36 MP: 5/18
  8185 | D:6      | Reached skill level 4 in Transmutations
  8346 | D:6      | Learned a level 4 spell: Petrify
  8444 | D:6      | Found a radiant altar of Vehumet.
  8560 | D:6      | Reached skill level 5 in Transmutations
  8853 | D:6      | Reached skill level 5 in Stealth
  8853 | D:6      | Reached skill level 6 in Transmutations
  9159 | D:6      | Reached skill level 7 in Transmutations
  9396 | D:6      | Found a broken altar of Ashenzari.
  9838 | D:6      | Found a basalt altar of Yredelemnul.
 10017 | D:6      | Upgraded the game from 0.27.1-2-g3b301248ec to
                  | 0.27.1-3-gb3d3a73c9e
 10210 | D:7      | Reached skill level 8 in Transmutations
 10514 | D:7      | Reached XP level 9. HP: 39/39 MP: 12/19
 10549 | D:7      | Reached skill level 9 in Transmutations
 10687 | D:7      | Noticed a manticore
 10751 | D:7      | Shot with an arrow by a centaur

Illustrated notes

Levels and vault maps discovered:
D:1:      pf_arrival_petrified_forest, layout_basic
D:2:      layout_basic, serial_shops, shop, serial_rivers,
          chequers_serial_rivers_marsh, chequers_serial_rivers_large_b,
          chequers_serial_rivers_small_a, chequers_serial_rivers_room_b,
          chequers_serial_rivers_micro_c, chequers_serial_rivers_marsh
D:3:      layout_basic, minmay_shallow_snake_nest, uniq_natasha
D:4:      layout_layer_cave, lemuel_tele_altar, uniq_blork_the_orc
D:5:      layout_loops_ring, nicolae_stop_n_shop_1
D:6:      layout_basic, ashenzari_altar_1, kennysheep_little_box,
          pf_just_have_faith, corner_web_ring
D:7:      layout_rooms, nicolae_dithmenos_shadow_blocks,
          lemuel_temple_firewalk_b, minmay_joined_circles

Skill      XL: |  1  2  3  4  5  6  7  8  9 |
---------------+----------------------------+-----
Dodging        | 3 4 |  4.1
Spellcasting   | 3 4 5 6 |  6.3
Earth Magic    | 3 4 5 6 |  6.7
Stealth        | 4 6 |  6.5
Evocations     | 1 3 |  3.7
Transmutations | 2 3 8 9 |  9.0

Action                   |  1- 3 |  4- 6 |  7- 9 || total
-------------------------+-------+-------+-------++-------
Melee: Staff             |       |       |    26 ||    26
 Cast: Sandblast         |    67 |    61 |    29 ||   157
       Stone Arrow       |       |     9 |    90 ||    99
       Petrify           |       |       |     2 ||     2
Evoke: Wand              |       |     4 |     2 ||     6
  Use: Potion            |     1 |       |     3 ||     4
       Scroll            |       |       |     6 ||     6
Armor: Robe              |     2 |       |     8 ||    10
Dodge: Dodged            |    10 |     9 |    33 ||    52
Block: Other             |       |       |     2 ||     2
